 Dungeon Crawl Stone Soup version 0.29.1-4-g47bece8355 (webtiles) character file.

Game seed: 10956816527615697704

54 Mitcholas the Magician (level 4, 0/32 HPs)
             Began as a Djinni Conjurer on Dec 2, 2022.
             Slain by a worm (10 damage)
             ... on level 2 of the Dungeon.
             The game lasted 00:04:22 (1842 turns).

Mitcholas the Magician (Djinni Conjurer)            Turns: 1842, Time: 00:04:22

Health: 0/32       AC:  3    Str:  6    XL:     4   Next: 12%
Gold:   91         EV: 12    Int: 21    God:
                   SH:  0    Dex: 12

rFire   + + .      SeeInvis .   d - +1 dagger (speed)
rCold   x . .      Faith    .   (no shield)
rNeg    . . .      Spirit   .   a - +0 robe
rPois   ∞          Reflect  .   (no helmet)
rElec   .          Harm     .   (no cloak)
rCorr   .          Rampage  .   c - +0 pair of gloves
Will    .....                   (boots unavailable)
Stlth   ++........              (no amulet)
HPRegen 0.10/turn               (no ring)
MPRegen 0.00/turn               (no ring)

@: flying
A: sickness immunity, fire resistance 2, cold vulnerability 1, float, innate
caster, HP casting, extra vitality 1
a: no special abilities


You were on level 2 of the Dungeon.
You visited 1 branch of the dungeon, and saw 2 of its levels.

You collected 91 gold pieces.

Inventory:

Hand Weapons
 d - a +1 dagger of speed (weapon)
Armour
 a - a +0 robe (worn)
 c - a +0 pair of gloves (worn)
 e - a +0 leather armour
Scrolls
 b - 5 scrolls of identify {unknown}
 f - a scroll of poison {unknown}
 g - a scroll of fear {unknown}
 i - a scroll of amnesia {unknown}
 j - a scroll of torment {unknown}
Potions
 h - 2 potions of heal wounds {unknown}
 k - 2 potions of brilliance {unknown}
 l - a potion of berserk rage {unknown}


   Skills:
 * Level 1.5 Fighting
 + Level 1.0 Armour
 - Level 2.5 Dodging
 - Level 1.8 Stealth
 * Level 3.6 Spellcasting


You couldn't memorise any spells.
You knew the following spells:

 Your Spells              Type           Power      Damage    Failure   Level
a - Magic Dart            Conj           76%        1d6       2%          1
b - Searing Ray           Conj           38%        2d5       4%          2
c - Dazzling Flash        Conj/Hex       38%        N/A       9%          3
d - Fulminant Prism       Conj/Hex       9%         3d7       26%         4
e - Iskenderun's Mystic   Conj/Tloc      19%        2d6       26%         4
f - Sting                 Tmut/Pois      76%        1d6       2%          1
Your spell library was empty.

Dungeon Overview and Level Annotations

Branches:
Dungeon (2/15)

Altars:


Innate Abilities, Weirdness & Mutations

You are immune to sickness and miasma.
You are immune to poison.
Your flesh is very heat resistant. (rF++)
You are vulnerable to cold. (rC-)
You float through the air rather than walking.
You learn spells naturally, not from books.
Your magical power is your life essence.
You have superior vitality. (+4 MHP)


Message History

Press: ? - help, Shift-Dir - straight line, f - giant cockroach
Aim: a giant cockroach (78% to hit)
The searing ray misses the quokka.
The searing ray hits the giant cockroach.
You kill the giant cockroach! (Press . to maintain the ray.)
The quokka bites you.
The searing ray misses the quokka.
The searing ray hits the kobold.
You kill the kobold!
The quokka closely misses you.
The searing ray hits the quokka.
You kill the quokka!
You reach down and close the door, pushing everything out of the way.
You start resting.
HP restored.
You reach down and open the door.
The worm misses you.
There is an open door, spattered with blood here.
You hit the worm but do no damage. You barely miss the worm.
The worm bites you!
You hit the worm.
The worm is lightly wounded.
You hit the worm.
The worm is lightly wounded.
You hit the worm.
The worm is moderately wounded.
The worm bites you!
Unknown command.
Casting: Searing Ray (safe; 4% risk of failure)
Confirm with . or Enter, or press ? or * to list all spells.
Aiming: Searing Ray (safe; 4% risk of failure)
Press: ? - help, Shift-Dir - straight line, f - worm
Aim: a worm (moderately wounded, 92% to hit)
The searing ray hits the worm.
The worm is heavily wounded. (Press . to maintain the ray.)
The searing ray hits the worm.
The worm is almost dead.
The worm bites you!
You die...

...####..#.....#....##.#
#..#.###.#.....#.....#.#
...#..######'####....#.#
#..+...###.....###...+..
#..#....###...÷.###..#..
...#.....###.....###.#..
..##.....###.....####..
##....J###.....###.#
####+#######@####...
...........w†......
.....#...###.######
######.## .# #. ## #.


You could see a worm and an endoplasm.

Vanquished Creatures
  An adder (D:2)
  2 dart slugs
  A worm (D:2)
  5 endoplasms
  A giant cockroach (D:2)
  3 hobgoblins (D:1)
  2 quokkas
  6 ball pythons (D:1)
  2 bats
  2 frilled lizards
  7 goblins
  2 kobolds
  5 rats
39 creatures vanquished.

Notes
Turn   | Place    | Note
-------+----------+-------------------------------------------
     0 | D:1      | Mitcholas the Djinni Conjurer began the quest for the Orb.
     0 | D:1      | Mitcholas set off with the following spells memorised:
                  | Magic Dart, Searing Ray, Dazzling Flash, Fulminant Prism,
                  | Iskenderun's Mystic Blast.
     0 | D:1      | Reached XP level 1. HP: 15/15 MP: 0/0
    86 | D:1      | Noticed a great orb of eyes
    88 | D:1      | Found a faded altar of an unknown god.
    95 | D:1      | Noticed a great orb of eyes
   121 | D:1      | Noticed a shining eye
   125 | D:1      | Noticed an eye of devastation
   215 | D:1      | Reached XP level 2. HP: 20/21 MP: 0/0
   927 | D:1      | Reached XP level 3. HP: 25/26 MP: 0/0
   927 | D:1      | Learned a level 1 spell: Sting
  1198 | D:1      | Reached skill level 1 in Fighting
  1617 | D:2      | Reached XP level 4. HP: 24/32 MP: 0/0
  1632 | D:2      | Reached skill level 1 in Armour
  1842 | D:2      | Slain by a worm

Illustrated notes

Levels and vault maps discovered:
D:1:      noname_arrival_rooms_in_the_neighbourhood, layout_basic,
          hellmonk_ecumenical_altar_watching_god, minivault_5
D:2:      layout_loops_ring, minmay_quadrilaterals

Skill      XL: |  1  2  3  4 |
---------------+-------------+-----
Fighting       | 1 |  1.5
Armour         | 1 |  1.0
Dodging        | |  2.5
Stealth        | |  1.8
Spellcasting   | |  3.6

Action                   |  1- 3 |  4- 6 || total
-------------------------+-------+-------++-------
Melee: Dagger            |    20 |    23 ||    43
 Cast: Magic Dart        |    53 |     1 ||    54
       Searing Ray       |     1 |     2 ||     3
Armor: Robe              |     5 |     2 ||     7
Dodge: Dodged            |    10 |     9 ||    19
